Map: 사이버 포레스트 - 래더

Players

soO - Winner!

  • Race: Zerg Zerg
  • Spawn Location: 11:00

uThermal

  • Race: Terran Terran
  • Spawn Location: 5:00

Event: IEM Season 13: Katowice (2019)

VOD

Have the link to the VOD?

Description

Time

  • Played on: March 1, 2019, 2:10 p.m.
  • Length: 8:09

All games in this series

Show
View Real Time Build Order
Export as new Build Order

soO Zerg - Winner!

Build Orders: Hatch First 

Get SALT Encoding   

  12  0:00  Drone  
  13  0:11  Overlord  
  13  0:17  Drone  
  14  0:30  Drone x2  
  14  0:33  Drone  
  17  0:50  Hatchery  
  17  0:53  Drone  
  17  0:57  Drone  
  18  1:08  Extractor  
  17  1:11  Spawning Pool  
  17  1:15  Drone  
  17  1:18  Drone  
  18  1:27  Drone  
  19  1:37  Overlord  
  19  1:58  Queen  
  19  1:59  Zergling x2  
  19  2:01  Drone  
  23  2:02  Queen, Zergling x2  
  23  2:07  Metabolic Boost  
  26  2:23  Hatchery  
  26  2:26  Drone  
  26  2:28  Drone  
  27  2:31  Drone  
  27  2:36  Drone  
  28  2:38  Drone  
  29  2:45  Queen  
  29  2:48  Drone  
  32  2:51  Drone  
  32  2:55  Overlord  
  33  3:00  Drone  
  33  3:03  Drone x2  
  36  3:14  Drone x2  
  36  3:15  Drone x2  
  40  3:21  Queen  
  42  3:28  Overlord, Drone  
  42  3:29  Drone  
  44  3:37  Drone  
  44  3:38  Drone  
  46  3:41  Drone  
  46  3:42  Drone  
  46  3:46  Roach Warren  
  47  3:48  Zergling x2  
  47  3:49  Zergling x2  
  47  3:50  Zergling x2  
  47  3:51  Overlord, Drone  
  47  3:54  Extractor, Drone  
  47  3:55  Drone  
  52  3:56  Extractor, Drone  
  52  4:05  Queen  
  52  4:09  Overlord  
  54  4:12  Zergling x8  
  58  4:17  Overlord  
  58  4:26  Roach  
  58  4:29  Roach x5  
  70  4:33  Roach x2  
  70  4:36  Roach  
  69  4:41  Roach x2  
  72  4:47  Zergling x4  
  72  4:52  Roach x2  
  78  4:57  Roach x2  
  82  5:01  Overlord  
  82  5:07  Overlord  
  82  5:08  Overlord  
  82  5:11  Overlord  
  82  5:14  Overlord  
  82  5:21  Ravager x2  
  84  5:25  Ravager  
  84  5:28  Zergling x10  
  84  5:44  Zergling x12  
  84  5:47  Drone  
  84  5:48  Drone x2  
  92  6:01  Drone x6  
  92  6:04  Drone  
  99  6:08  Drone  
  100  6:12  Ravager x4  
  100  6:13  Drone  
  100  6:14  Drone  
  106  6:23  Drone x2  
  108  6:32  Drone  
  99  6:33  Drone x2  
  99  6:34  Drone  
  99  6:35  Drone  
  99  6:37  Drone  
  99  6:39  Drone x2  
  97  6:47  Drone x5  
  91  6:48  Lair  
  91  6:49  Drone  
  91  6:51  Roach  
  91  6:52  Evolution Chamber  
  85  6:54  Evolution Chamber  
  85  6:55  Roach x3  
  85  6:56  Roach  
  90  7:06  Drone x2  
  84  7:08  Extractor  
  84  7:09  Extractor  
  84  7:12  Roach  
  84  7:13  Roach x4  
  84  7:15  Overlord  
  92  7:16  Hatchery  
  91  7:23  Roach x3  
  91  7:24  Roach x3  
  103  7:44  Zergling x18  
Show
View Real Time Build Order
Export as new Build Order

uThermal Terran 

Build Orders: Gas First Reaper Expand, Liberator Opening 

Get SALT Encoding   

  12  0:01  SCV  
  13  0:13  SCV  
  14  0:17  Supply Depot  
  14  0:25  SCV  
  14  0:27  Refinery  
  15  0:38  SCV  
  16  0:44  Barracks  
  16  0:50  SCV  
  17  1:02  SCV  
  18  1:15  SCV  
  19  1:31  Reaper, Orbital Command  
  20  1:43  Command Center  
  20  1:53  Factory  
  20  1:57  SCV  
  21  2:05  Barracks Reactor  
  21  2:09  SCV  
  21  2:12  Supply Depot  
  22  2:21  SCV  
  23  2:22  Refinery  
  23  2:33  SCV  
  24  2:45  Starport, SCV  
  24  2:48  Hellion x2  
  24  2:50  Marine  
  29  2:55  Orbital Command  
  29  2:57  SCV  
  30  3:08  Marine  
  30  3:10  Hellion  
  30  3:11  Hellion  
  35  3:21  Medivac  
  35  3:26  Armory  
  37  3:27  Marine  
  37  3:31  Hellion  
  37  3:34  Hellion  
  42  3:40  Supply Depot  
  42  3:42  SCV x2  
  42  3:45  Liberator  
  42  3:47  Barracks Tech Lab  
  44  3:56  Hellion  
  44  4:02  Hellion  
  51  4:04  Supply Depot  
  51  4:05  SCV  
  51  4:07  SCV  
  53  4:17  SCV  
  54  4:26  SCV, Hellion x2  
  59  4:33  SCV  
  58  4:38  SCV  
  58  4:41  Marine  
  58  4:42  Stimpack  
  58  4:45  SCV, Supply Depot  
  59  4:50  SCV  
  62  4:57  SCV  
  62  4:58  Starport Reactor  
  59  5:00  Barracks x2  
  59  5:03  SCV  
  59  5:05  Factory Tech Lab  
  62  5:07  Marauder  
  62  5:09  SCV  
  63  5:15  SCV  
  64  5:21  SCV  
  64  5:24  Siege Tank, Bunker  
  64  5:25  Supply Depot  
  64  5:26  Bunker  
  64  5:27  SCV  
  64  5:28  Marine  
  70  5:33  SCV  
  63  5:39  SCV  
  59  5:43  Supply Depot  
  59  5:44  Supply Depot  
  59  5:45  SCV  
  59  5:46  Marine  
  58  5:50  Marine x2  
  58  5:54  Starport Reactor  
  57  5:59  Supply Depot  
  55  6:06  Orbital Command, Supply Depot  
  53  6:16  Supply Depot  
  53  6:21  SCV  
  54  6:27  Marine x2  
  54  6:28  Marauder, Siege Tank, Marine x2  
  39  6:45  Marine x2  
  39  6:46  Marine x2  
  39  6:49  Marine  
  25  7:00  Siege Tank  
  24  7:03  Marine x4  
  24  7:05  SCV  
  29  7:17  SCV x2  
  29  7:21  Marine  
  31  7:24  Medivac  
  31  7:29  SCV  
  34  7:32  Marine  
  34  7:33  Marine  
  34  7:35  SCV  
  37  7:41  SCV  
  37  7:42  Marine  
  39  7:47  SCV  
  39  7:49  Marine  
  41  7:53  SCV  

Tags
 
Add a new tag
Caveats
  • Supply blocks, unpowered buildings, or Contaminate may cause inaccurate times.
  • Supply counts are checked every 10 seconds.